 Dungeon Crawl Stone Soup version 0.30-b1-2-g02819fbbbe (webtiles) character file.

Game seed: 8394281800117655779

140 redmage the Digger (level 5, -4/38 HPs)
             Began as a Meteoran Earth Elementalist on July 26, 2023.
             Was an Initiate of Sif Muna.
             Slain by Blork the orc
             ... wielding a +0 long sword
              (6 damage)
             ... on level 5 of the Dungeon.
             The game lasted 00:09:43 (505 turns).

redmage the Digger (Meteoran Earth Elementalist)     Turns: 505, Time: 00:09:44

Health: -4/38      AC:  2    Str:  9    XL:     5   Next: 77%
Magic:  0/10       EV: 12    Int: 19    God:    Sif Muna [......]
Gold:   75         SH:  0    Dex: 14    Spells: 4/10 levels left

rFire   + . .        d - +1 dagger (venom)
rCold   + . .        (no shield)
rNeg    . . .        a - +0 robe
rPois   +            (no helmet)
rElec   +            (no cloak)
rCorr   +            (no gloves)
SInv    .            (no boots)
Will    .....        (no amulet)
Stlth   +            (no ring)
HPRegen 0.26/turn    (no ring)
MPRegen 0.12/turn

%: no passive effects
@: brilliant, resistant, glowing
A: sense surroundings 1, otherworldly, glowing, explore regen
a: Renounce Religion


You were on level 5 of the Dungeon.
You worshipped Sif Muna.
Sif Muna was noncommittal.
You visited 2 branches of the dungeon, and saw 6 of its levels.
You also visited: Ossuary.

You collected 75 gold pieces.

Inventory:

Hand Weapons
 d - a +1 dagger of venom (weapon)
Missiles
 e - 12 stones
 i - 6 poisoned darts
 k - 3 javelins
Armour
 a - a +0 robe (worn)
Wands
 n - a wand of flame (8)
Scrolls
 g - 2 scrolls of poison {unknown}
 h - a scroll of identify {unknown}
 j - a scroll of enchant armour {unknown}
 l - a scroll of fog {unknown}
 m - 2 scrolls of vulnerability {unknown}
 o - a scroll of teleportation {unknown}
Potions
 b - a potion of magic
 f - a potion of brilliance


   Skills:
 - Level 2.5 Dodging
 - Level 1.4 Stealth
 - Level 3.2 Spellcasting
 * Level 2.5 Conjurations
 - Level 2.1 Transmutations
 * Level 5.3 Earth Magic
 + Level 1.4 Invocations


You had 4 spell levels left.
You knew the following spells:

 Your Spells              Type           Power      Damage    Failure   Level
a - Sandblast             Erth           70%        2d15      1%          1
b - Passwall              Tmut/Erth      20%        N/A       4%          2
c - Stone Arrow           Conj/Erth      54%        3d10      9%          3

Your spell library contained the following spells:

 Spells                   Type           Power      Damage    Failure   Level
 Petrify                  Tmut/Erth      25%        N/A       32%         4


Dungeon Overview and Level Annotations

Branches:
Dungeon (5/15) Zot: 2517   Temple (1/1) D:4 Zot: 569 Ossuary (visited)

Altars:
Ashenzari
Cheibriados
Dithmenos
Elyvilon
Gozag
Hepliaklqana
Kikubaaqudgha
Makhleb
Qazlal
Ru
Sif Muna
Trog
Uskayaw
Vehumet
Wu Jian
Yredelemnul
The Shining One

Annotations:
D:5 Blork the orc
Temple 2 transporters


Innate Abilities, Weirdness & Mutations

You passively map a small area around you.
You are easily found by Zot.
You glow in the dark.
You regain HP and MP as you explore.


Message History

Aiming: Sandblast (safe; 1% risk of failure)
Press: ? - help, Shift-Dir - straight line, f/p - Blork the orc
Aim: Blork the orc, wielding a +0 long sword and wearing a +0 robe of the Archmagi (moderately wounded, 85% to hit)
The blast of sand hits Blork the orc.
Blork the orc is moderately wounded.
Blork the orc hits you with a +0 long sword!
Blork the orc hits you but does no damage.
Your magical contamination has completely faded away.
Unknown command.
Unknown command.
Unknown command.
Unknown command.
Casting: Sandblast (safe; 1% risk of failure)
Confirm with . or Enter, or press ? or * to list all spells.
Aiming: Sandblast (safe; 1% risk of failure)
Press: ? - help, Shift-Dir - straight line, f/p - Blork the orc
Aim: Blork the orc, wielding a +0 long sword and wearing a +0 robe of the Archmagi (moderately wounded, 85% to hit)
The blast of sand hits Blork the orc!
Blork the orc is heavily wounded.
Blork the orc hits you with a +0 long sword!
* * * LOW HITPOINT WARNING * * *
Unknown command.
Unknown command.
Unknown command.
It was a potion of brilliance.
You feel clever all of a sudden. Blork the orc barely misses you.
It was a potion of resistance.
You feel protected.
Blork the orc hits you with a +0 long sword.
* * * LOW HITPOINT WARNING * * *
Casting: Sandblast (safe; 1% risk of failure)
Confirm with . or Enter, or press ? or * to list all spells.
Aiming: Sandblast (safe; 1% risk of failure)
Press: ? - help, Shift-Dir - straight line, f/p - Blork the orc
Aim: Blork the orc, wielding a +0 long sword and wearing a +0 robe of the Archmagi (heavily wounded, 86% to hit)
You feel a surge of power!
The blast of sand hits Blork the orc!
Blork the orc is severely wounded.
Blork the orc hits you with a +0 long sword.
You die...

,,#.### ,#.o.# *
###.# * #.## *
#..# ###.###
#.....# *
##o###....# *
#.@######.####.
###.#....##..#..,
,
#..............##,
#..#####......#...
#.# ##.<......#
#.. **,#......#.
#. ,, #.<....#. #
** #.........
#......#..


You could see Blork the orc.

Vanquished Creatures
  A scorpion (D:4)
  2 adders
  3 gnolls (D:3)
  3 orcs
  4 endoplasms
  A giant cockroach (D:3)
  3 goblins
  2 hobgoblins
  4 kobolds
  A quokka (D:3)
  3 ball pythons
  2 bats (D:3)
  A quokka zombie (D:4)
  A rat (D:1)
  A rat zombie (D:4)
32 creatures vanquished.

Notes
Turn   | Place    | Note
-------+----------+-------------------------------------------
     0 | D:1      | redmage the Meteoran Earth Elementalist began the quest for
                  | the Orb.
     0 | D:1      | Reached XP level 1. HP: 14/14 MP: 5/5
    47 | D:1      | Reached XP level 2. HP: 20/20 MP: 4/6
   104 | D:3      | Reached skill level 4 in Earth Magic
   104 | D:3      | Reached XP level 3. HP: 11/26 MP: 2/8
   137 | D:3      | Learned a level 2 spell: Passwall
   141 | D:3      | Learned a level 3 spell: Stone Arrow
   152 | D:3      | Reached XP level 4. HP: 27/33 MP: 3/9
   177 | D:3      | Reached skill level 1 in Conjurations
   254 | D:4      | Found a staircase to the Ecumenical Temple.
   261 | Temple   | Entered the Ecumenical Temple
   261 | Temple   | Found a transporter.
   261 | Temple   | Found a transporter.
   263 | Temple   | Found a transporter.
   263 | Temple   | Found a transporter.
   276 | Temple   | Became a worshipper of Sif Muna the Loreminder
   311 | D:4      | Found a sacrificial altar of Ru.
   311 | D:4      | Found an opulent altar of Gozag.
   311 | D:4      | Found a shadowy altar of Dithmenos.
   313 | D:4      | Found a radiant altar of Vehumet.
   313 | D:4      | Noticed a scorpion
   317 | D:4      | Killed a scorpion
   318 | D:4      | Reached skill level 5 in Earth Magic
   318 | D:4      | Reached skill level 1 in Invocations
   318 | D:4      | Reached XP level 5. HP: 38/38 MP: 2/10
   374 | D:4      | Found a sand-covered staircase.
   390 | Ossuary  | Entered an ossuary
   447 | D:4      | Noticed an orc warrior
   469 | D:5      | Entered Level 5 of the Dungeon
   485 | D:5      | Noticed Blork the orc
   504 | D:5      | HP: 1/38 [Blork the orc/+0 long sword (6)]
   505 | D:5      | Slain by Blork the orc

Illustrated notes

Levels and vault maps discovered:
D:1:      erik_arrival_cave_to_civilisation [erik_arrival_cave_to_hall],
          layout_basic, minmay_crystal_water, minmay_rat_gold_closets
D:2:      layout_basic, hellmonk_ecumenical_altar_crossroads, minmay_hedge_maze,
          roderic_lattice_a, minmay_fractal_squares_gapless_5,
          uniq_crazy_yiuf_cottage
D:3:      minmay_chambers_of_threes, layout_loops_ring,
          nemelex_dance_club_becter, serial_shops, shop, uniq_grinder
D:4:      layout_rooms, chequers_temple_overflow_statue_of_worship,
          amcnicky_altar_gilded, minmay_temple_entry_trees, enter_ossuary_4
D:5:      layout_rooms, fedhas_altar_1, serial_bayou_pond_e,
          grunt_decor_resistance, minmay_manual_maat, uniq_blork_the_orc
Temple:   hellmonk_temple_divided_pantheon

Skill      XL: |  1  2  3  4 |
---------------+-------------+-----
Spellcasting   | 3 |  3.2
Earth Magic    | 4 5 |  5.3
Transmutations | 2 |  2.1
Conjurations   | 2 |  2.5
Invocations    | 1 |  1.4
Dodging        | |  2.5
Stealth        | |  1.4

Action                     |  1- 3 |  4- 6 || total
---------------------------+-------+-------++-------
  Melee: Dagger            |     3 |    11 ||    14
   Cast: Sandblast         |    17 |    25 ||    42
         Passwall          |     1 |       ||     1
         Stone Arrow       |       |     4 ||     4
    Use: Potion            |       |     2 ||     2
 Armour: Robe              |     4 |    14 ||    18
  Dodge: Dodged            |     7 |    21 ||    28
